 Dungeon Crawl Stone Soup version 0.24.0-123-gd5b16e6ec5 (webtiles) character file.

Game seed: 5351248395654016850, levelgen mode: deterministic

47 sagitran the Poker (level 3, 0/42 HPs)
             Began as a Merfolk Gladiator on Dec 24, 2019.
             Was a Follower of Fedhas.
             Succumbed to an adder's poison
             ... on level 3 of the Dungeon.
             The game lasted 00:05:04 (1015 turns).

sagitran the Poker (Merfolk Gladiator)              Turns: 1015, Time: 00:05:05

Health: 0/42       AC: 21    Str: 20    XL:     3   Next: 70%
Magic:  2/2        EV:  2    Int:  7    God:    Fedhas [*.....]
Gold:   86         SH:  0    Dex: 15    Spells: 2/2 levels left

rFire    . . .     SeeInvis .   a - +0 trident
rCold    . . .     Gourm    .   (no shield)
rNeg     + + +     Faith    .   (armour currently unavailable)
rPois    +         Spirit   .   (helmet currently unavailable)
rElec    .         Reflect  .   (cloak currently unavailable)
rCorr    .         Harm     .   (gloves currently unavailable)
MR       .....     Clarity  +   (boots currently unavailable) Stlth +.........NoTele +
                                (no amulet)
HPRegen  0.14/turn              j - ring of wizardry
MPRegen  0.08/turn              (no ring)

@: mighty, lethally poisoned (0 -> -4), tree-form, hasted, very quick
A: (change form in water), (swift swim), (stealthy swim), clarity, low mp 1
a: Renounce Religion


You were on level 3 of the Dungeon.
You worshipped Fedhas.
Fedhas was aware of your devotion.
You were not hungry.
You were a tree.
You visited 1 branch of the dungeon, and saw 3 of its levels.

You collected 86 gold pieces.

Inventory:

Hand Weapons
 a - a +0 trident (weapon)
Missiles
 d - 3 throwing nets (quivered)
Armour
 b - a +0 leather armour
 c - a +0 helmet (melded)
 h - a cursed +0 leather armour (melded)
Jewellery
 j - a ring of wizardry (left branch)
Scrolls
 e - a scroll of fog
 g - 5 scrolls of identify
Potions
 i - a potion of haste
Comestibles
 f - a ration


   Skills:
 + Level 2.5 Fighting
 + Level 5.5 Polearms
 + Level 2.0 Throwing
 + Level 0.4 Armour
 + Level 4.7 Dodging


You had 2 spell levels left.
You didn't know any spells.
Your spell library was empty.

Dungeon Overview and Level Annotations

Branches:
Dungeon (3/15)

Altars:
Fedhas


Innate Abilities, Weirdness & Mutations

((You revert to your normal form in water.))
((You are very nimble and swift while swimming.))
((You are very stealthy in the water. (Stealth+)))
You possess an exceptional clarity of mind.
((Armour fits poorly on your strangely shaped body.))
Your magical capacity is low. (-10% MP)


Message History

Fedhas accepts your kill.
* * * LOW HITPOINT WARNING * * *
You feel sick.
Attack whom?
Press: ? - help, Dir - move target cursor, f - goblin
Aim: a goblin, wielding a +0 dagger You reach to attack!
You puncture the goblin!
You kill the goblin!
Fedhas accepts your kill.
Unknown command.
Okay, then.
There is a lethal amount of poison in your body!
Okay, then.
Okay, then.
* * * LOW HITPOINT WARNING * * *
You feel sick.
* * * LOW HITPOINT WARNING * * *
You feel sick.
You die...
Fedhas appreciates your contribution to the ecosystem.

#...).##.........####.......##
#....####.......## ##.#.....#
#.#.## ##.....## #.###....#
#.### ##.#....<# ... ##.....##
... ##...## .. ##########.##
#..........# #♣##########
.....)†.# ##...#### #.. #. #


There were no monsters in sight!

Vanquished Creatures
  An adder (D:3)
  A worm (D:2)
  4 orcs (D:3)
  4 giant cockroaches
  5 goblins
  5 hobgoblins
  2 quokkas (D:2)
  2 bats (D:2)
  2 kobolds (D:2)
  3 rats
29 creatures vanquished.

Notes
Turn   | Place    | Note
-------+----------+-------------------------------------------
     0 | D:1      | sagitran the Merfolk Gladiator began the quest for the Orb.
     0 | D:1      | Reached XP level 1. HP: 16/16 MP: 1/1
   416 | D:2      | Reached XP level 2. HP: 23/23 MP: 2/2
   541 | D:2      | Reached skill level 5 in Polearms
   646 | D:2      | Reached XP level 3. HP: 25/28 MP: 3/3
   698 | D:2      | Found a faded altar of an unknown god.
   700 | D:2      | Became a worshipper of Fedhas Madash
   700 | D:2      | Reached * piety under Fedhas
  1001 | D:3      | Gained mutation: Your magical capacity is low. (-10% MP)
                  | [potion of mutation]
  1001 | D:3      | Gained mutation: Armour fits poorly on your strangely
                  | shaped body. [potion of mutation]
  1001 | D:3      | Gained mutation: You possess an exceptional clarity of
                  | mind. [potion of mutation]
  1011 | D:3      | HP: 2/42 [poisoned by an adder]
  1015 | D:3      | Succumbed to an adder's poison

Levels and vault maps discovered:
D:1:      lightli_iron_boxes, layout_rooms
D:2:      layout_basic, chequers_ecumenical_altar_twisty, nrook_campfire,
          minivault_25, minmay_cupped, uniq_terence
D:3:      layout_loops_corners

Skill      XL: |  1  2 |
---------------+-------+-----
Polearms       | 5 |  5.5
Fighting       | |  2.5
Throwing       | |  2.0
Armour         | |  0.4
Dodging        | |  4.7

Action                   || total
-------------------------++-------
Melee: Trident           ||    84
  Use: Scroll            ||     1
       Potion            ||     5
 Stab: Sleeping          ||     2
Armor: Leather armour    ||    12
       Skin              ||     4
Dodge: Dodged            ||    53
